 Dungeon Crawl Stone Soup version 0.30.1-11-g7821555f0a (webtiles) character file.

Game seed: 1075301753437422239

1404 comborobin the Covert (level 8, -15/37 (39) HPs)
             Began as a Spriggan Delver on Dec 4, 2023.
             Was a Follower of Wu Jian.
             Killed from afar by Lodul (25 damage)
             ... with a bolt of lightning
             ... on level 11 of the Dungeon.
             The game lasted 00:08:33 (3099 turns).

comborobin the Covert (Spriggan Delver)             Turns: 3099, Time: 00:08:33

HP:   -15/37 (39)   AC:  3    Str: 12    XL:     8   Next: 42%
MP:   9/9           EV: 22    Int: 10    God:    Wu Jian [*.....]
Gold: 152           SH:  0    Dex: 18    Spells: 7/7 levels left

rFire   . . .        f - +0 short sword
rCold   . . .        (no shield)
rNeg    + . .        b - +0 robe
rPois   .            (helmet restricted)
rElec   .            t - +0 cloak
rCorr   .            (gloves unavailable)
SInv    +            (boots unavailable)
Will    +....        (no amulet)
Stlth   +++++        k - ring of positive energy
HPRegen 0.26/turn    (no ring)
MPRegen 0.11/turn

%: no passive effects
@: drained, unable to read, very quick
A: very small, no large weapons, unfitting armour, see invisible, speed 3,
mutation resistance 1, strong 1, inability to read after injury 1
a: Renounce Religion


You were on level 11 of the Dungeon.
You worshipped Wu Jian.
Wu Jian was aware of your devotion.
You visited 2 branches of the dungeon, and saw 9 of its levels.
You also visited: Ossuary.

You collected 152 gold pieces.

Inventory:

Hand Weapons
 a - a +0 dagger
 f - a +0 short sword (weapon)
 i - a +0 flail of protection
Missiles
 j - 8 poisoned darts (quivered)
Armour
 b - a +0 robe (worn)
 t - a +0 cloak (worn)
Jewellery
 k - a ring of positive energy (left hand)
Scrolls
 c - 2 scrolls of fog
 d - 2 scrolls of magic mapping
 e - 2 scrolls of fear
 h - 2 scrolls of identify {unknown}
 l - 2 scrolls of teleportation {unknown}
 n - a scroll of enchant weapon {unknown}
 u - a scroll of immolation {unknown}
Potions
 g - a potion of brilliance {unknown}
 m - 2 potions of heal wounds {unknown}
 o - 2 potions of curing {unknown}
 p - 2 potions of mutation
 q - a potion of degeneration {unknown}
 r - a potion of flight {unknown}
 s - 4 potions of attraction {unknown}
 v - a potion of might {unknown}


   Skills:
 - Level 2.4 Fighting
 + Level 6.9 Short Blades
 + Level 8.3 Dodging
 + Level 11.7 Stealth


You had 7 spell levels left.
You didn't know any spells.
Your spell library contained the following spells:

 Spells                   Type           Power      Damage    Failure   Level
 Summon Small Mammal      Summ           0%         N/A       36%         1
 Call Canine Familiar     Summ           0%         N/A       75%         3
 Summon Guardian Golem    Hex/Summ       0%         N/A       75%         3
 Volatile Blastmotes      Fire/Tloc      0%         2d10      75%         3
 Fulminant Prism          Conj/Hex       0%         3d5       98%         4
 Iskenderun's Mystic Bla  Conj/Tloc      0%         2d3       98%         4
 Lee's Rapid Deconstruct  Erth           0%         3d4*      100%        5


Dungeon Overview and Level Annotations

Branches:
Dungeon (11/15)            Temple (1/1) D:5         Ossuary (visited)
   Lair: D:8-11         Orc: D:9-12

Altars:
Elyvilon
Gozag
Kikubaaqudgha
Nemelex Xobeh
Qazlal
Sif Muna
Uskayaw
Vehumet
Wu Jian
Zin
The Shining One

Annotations:
D:4 Eustachio
D:11 Lodul


Innate Abilities, Weirdness & Mutations

You are very small and have problems with some larger weapons.
You are too small for most types of armour.
You have supernaturally acute eyesight. (SInv)
You cover ground extremely quickly. (Speed+++)
You are somewhat resistant to further mutation.
Your muscles are strong. (Str +4, Int/Dex -1)
You occasionally lose the ability to read scrolls when taking damage.


Message History

You climb downwards.
There is a stone staircase leading up here.
Found a ring mail.
You see here a +0 ring mail.
You now have 122 gold pieces (gained 10).
s - 4 green potions (gained 2)
You now have 133 gold pieces (gained 11).
v - a grey potion
Found a long sword.
An ogre comes into view. It is wielding a +0 giant spiked club.
Lodul the Thundrous comes into view.
He is wielding a +0 dire flail of protection.
The ogre shouts!
Lodul shouts!
You hear a shout! x3
An ogre comes into view. It is wielding a +0 giant spiked club.
You hear a shout!
The ogre shouts!
An ogre comes into view.
It is wielding a +0 giant spiked club. x2
You aren't carrying any items that you can evoke.
Unknown command.
It was a potion of mutation.
You feel extremely strange.
You feel stronger.
You occasionally lose the ability to read scrolls when taking damage.
You feel genetically stable.
You see here a +0 ring mail.
Found 19 gold pieces.
You now have 152 gold pieces (gained 19).
Found a ring mail.
You see here a +0 ring mail.
Found an orange potion.
An ogre comes into view. It is wielding a +0 giant club.
An ogre comes into view. It is wielding a +0 giant club.
Found a stone staircase leading up.
The ogre shouts!
Electricity crackles from Lodul's apparatus.
The bolt of lightning hits you!!
Ouch! That really hurt!
* * * LOW HITPOINT WARNING * * *
Electricity crackles from Lodul's apparatus.
The bolt of lightning hits you!!
You feel threatened and lose the ability to read scrolls!
Ouch! That really hurt!
You die...

..# #..O.# #.# ..#
#...O# #.+ ..+
#....# #.# #.#
#....# #.##### #.#
#..O.# +...... #.#
#..O.#######......
#.#
#......!..........
#.#
#.................
#.#
#..######.@<......
..##+##..#
#....#####
........[# #....#
########## #....#
# #....# # ######
# #


You could see Lodul and an ogre.

Vanquished Creatures
  A wyvern (D:8)
  A water moccasin (D:7)
  2 ice beasts (D:7)
  A phantom (D:5)
  An elf zombie (D:4)
  2 bullfrogs (D:7)
  An elf skeleton (D:4)
  2 scorpions (D:7)
  A water moccasin zombie (Ossuary)
  3 wights (D:7)
  An orc priest (D:7)
  3 human skeletons (D:4)
  An iguana (D:6)
  2 orc wizards (D:7)
  2 mummies (Ossuary)
  A howler monkey zombie (D:9)
  3 adders
  2 gnolls (D:4)
  3 adder zombies (Ossuary)
  5 orcs
  An endoplasm (D:4)
  4 gnoll zombies (Ossuary)
  A hobgoblin (D:4)
  6 hobgoblin zombies (Ossuary)
  5 kobold zombies (Ossuary)
  An orc skeleton (D:4)
  3 orc zombies (Ossuary)
59 creatures vanquished.

Notes
Turn   | Place    | Note
-------+----------+-------------------------------------------
     0 | D:5      | comborobin the Spriggan Delver began the quest for the Orb.
     0 | D:5      | Reached XP level 1. HP: 11/11 MP: 2/2
   117 | D:5      | Found a staircase to the Ecumenical Temple.
   174 | D:5      | Noticed a scorpion
   176 | Temple   | Entered the Ecumenical Temple
   216 | Temple   | Became a worshipper of the Wu Jian Council
   246 | D:5      | Reached XP level 2. HP: 14/16 MP: 3/3
   282 | D:4      | Noticed Eustachio
   300 | D:4      | Reached XP level 3. HP: 12/19 MP: 4/4
   472 | D:4      | Reached skill level 8 in Stealth
   533 | D:4      | Reached XP level 4. HP: 22/23 MP: 5/5
   541 | D:4      | Reached XP level 5. HP: 27/27 MP: 6/6
   566 | D:4      | Found a sand-covered staircase.
   606 | D:4      | Reached skill level 5 in Dodging
   606 | D:4      | Reached skill level 9 in Stealth
   613 | Ossuary  | Entered an ossuary
   694 | Ossuary  | Reached XP level 6. HP: 32/32 MP: 7/7
   724 | Ossuary  | Reached * piety under Wu Jian
  1063 | D:5      | Noticed a yak
  1063 | D:5      | Noticed a yak
  1067 | D:5      | Noticed a yak
  1070 | D:5      | Noticed a yak
  1439 | D:7      | Found a radiant altar of Vehumet.
  1439 | D:7      | Found a glowing silver altar of Zin.
  1439 | D:7      | Found a sparkling altar of Nemelex Xobeh.
  1458 | D:7      | Noticed an ice beast
  1460 | D:7      | Killed an ice beast
  1461 | D:7      | Reached skill level 5 in Short Blades
  1461 | D:7      | Reached skill level 10 in Stealth
  1461 | D:7      | Reached XP level 7. HP: 35/35 MP: 8/8
  2185 | D:7      | Reached skill level 11 in Stealth
  2185 | D:7      | Reached XP level 8. HP: 39/39 MP: 9/9
  2712 | D:8      | Found an opulent altar of Gozag.
  2986 | D:10     | Entered Level 10 of the Dungeon
  3043 | D:11     | Noticed Lodul
  3045 | D:11     | Gained mutation: Your muscles are strong. (Str +4, Int/Dex
                  | -1) [potion of mutation]
  3045 | D:11     | Gained mutation: You occasionally lose the ability to read
                  | scrolls when taking damage. [potion of mutation]
  3045 | D:11     | Gained mutation: You are somewhat resistant to further
                  | mutation. [potion of mutation]
  3099 | D:11     | Killed from afar by Lodul

Illustrated notes

Levels and vault maps discovered:
D:4:      layout_basic, ebering_ghost_sewer_d, nicolae_ossuary_entry_catacombs,
          uniq_crazy_yiuf_cottage, uniq_eustachio
D:5:      layout_basic, lemuel_mausoleum_altar_yredelemnul,
          minmay_temple_entry_wispy
D:6:      layout_cave_pools, amcnicky_mini_corridor_feature, uniq_pikel
D:7:      layout_basic, gammafunk_temple_overflow_claw, dk_noncrumbling_2,
          serial_bayou_crossing
D:8:      layout_cave_pools, kennysheep_mini, lemuel_crystal_altar
D:9:      layout_irregular_city, minmay_orc_entry_guard_dogs, serial_shops,
          nicolae_shop_behind_doors, serial_undead, serial_undead_e,
          serial_undead_f, serial_undead_b, serial_undead_f, serial_undead_d,
          serial_undead_f, chequers_serial_rivers_micro_e
D:10:     layout_roguey, marbit_many_paths, david_lair_shrubbed
D:11:     layout_irregular_city, chequers_serial_rivers_small_a, uniq_lodul
Temple:   nicolae_temple_bog_church

Skill      XL: |  1  2  3  4  5  6  7  8 |
---------------+-------------------------+-----
Dodging        | 3 4 5 6 7 8 |  8.3
Short Blades   | 3 4 5 6 |  6.9
Stealth        | 8 9 10 11 | 11.7
Fighting       | |  2.4

Action                     |  1- 3 |  4- 6 |  7- 9 || total
---------------------------+-------+-------+-------++-------
  Melee: Short sword       |    63 |   129 |   120 ||   312
         Punch             |       |     2 |     1 ||     3
         Dagger            |       |       |    22 ||    22
Ability: Lunge             |     4 |    15 |     9 ||    28
         Whirlwind         |       |     8 |     6 ||    14
  Evoke: Wand              |     2 |     1 |     2 ||     5
    Use: Potion            |       |       |     3 ||     3
   Stab: Sleeping          |     5 |    22 |     9 ||    36
         Paralysed         |       |       |     1 ||     1
 Armour: Robe              |     4 |     3 |     9 ||    16
  Dodge: Dodged            |    47 |    77 |   108 ||   232
